 Dungeon Sprint DCSS version 0.18-a0-1507-g69458e0 (webtiles) character file.

83 css the Sneak (level 4, -3/35 HPs)
             Began as a Demigod Enchanter on Mar 6, 2016.
             Slain by a wight
             ... wielding a +1 halberd of freezing
              (12 damage)
             ... in the Dungeon (Sprint IX: "|||||||||||||||||||||||||||||").
             The game lasted 00:01:12 (409 turns).

css the Sneak (Demigod Enchanter)                    Turns: 409, Time: 00:01:12

Health: -3/35      AC: 11    Str: 13    XL:     4   Next: 2%
Magic:  8/11       EV:  7    Int: 19    God:
Gold:   0          SH:  0    Dex: 22    Spells: 1 memorised, 7 levels left

rFire  . . .     SeeInvis .     n - +2 rapier (elec)
rCold  . . .     Gourm    .     q - +1 chain mail
rNeg   . . .     Faith    .     (no shield)
rPois  .         Spirit   .     (no helmet)
rElec  .         Dismiss  .     o - +0 cloak
rCorr  .         Reflect  .     (no gloves)
SustAt +         Harm     .     p - +0 pair of boots
MR     .....     NoTele   +     (no amulet)
Stlth  ..........               s - +3 ring of dexterity
                                r - +3 ring of dexterity

@: drained, invisible, not resistant to hostile enchantments, extremely
unstealthy
A: high mp 1, sustain attributes
a: no special abilities


You were in the Dungeon.
You were not hungry.

You visited 1 branch

Inventory:

Hand Weapons
 a - a +1 dagger
 n - a +2 rapier of electrocution (weapon)
Armour
 b - a +1 robe
 o - a +0 cloak (worn)
 p - a +0 pair of boots (worn)
 q - a +1 chain mail (worn)
Jewellery
 r - a +3 ring of dexterity (left hand)
 s - a +3 ring of dexterity (right hand)
Wands
 m - a wand of iceblast (7/15)
Scrolls
 j - 2 scrolls of blinking
 k - 3 scrolls of remove curse
 l - 2 scrolls of amnesia
Potions
 f - 2 potions of heal wounds
 g - 4 potions of curing
 h - 4 potions of magic
 i - a potion of berserk rage
Books
 c - a book of Maledictions

   Spells                             Type                      Level
   a - Corona                         Hexes                        1
   b - Ensorcelled Hibernation        Hexes/Ice                    2
   c - Confuse                        Hexes                        3
   d - Tukima's Dance                 Hexes                        3
   e - Dazzling Spray                 Conjuration/Hexes            3
Comestibles
 d - a bread ration


   Skills:
 + Level 1.5(0.8) Fighting
 + Level 1.7(1.1) Short Blades
 + Level 0.1(0.0) Armour
 + Level 4.0(3.4) Dodging
 + Level 4.8(4.1) Stealth
 + Level 2.9(2.3) Spellcasting
 + Level 4.8(4.1) Hexes


You had 7 spell levels left.
You knew the following spells:

 Your Spells              Type           Power        Failure   Level  Hunger
a - Corona                Hex            ###....      94%         1    #......


Dungeon Overview and Level Annotations

Branches:
Dungeon (1/1)


Innate Abilities, Weirdness & Mutations

You have an increased reservoir of magic (+10% MP).
Your attributes are resistant to harm.


Message History

You feel much better. The wight barely misses you.
Unknown command.
You hit the wight.
The wight is moderately damaged.
The wight hits you with a halberd of freezing!
You feel drained. The wight freezes you.
You barely miss the wight.
The wight is moderately damaged.
The wight hits you with a halberd of freezing.
* * * LOW HITPOINT WARNING * * *
The wight freezes you.
* * * LOW HITPOINT WARNING * * *
You are too injured to fight recklessly!
You are too injured to fight recklessly!
Drink which item? (? for menu, Esc to quit)
Okay, then.
Drink which item? (? for menu, Esc to quit)
You fade into invisibility!
The wight hits you with a halberd of freezing!
You die... ▓▓▓▓▓▓▓▓▓▓▓▓▓▓▓▓▓▓▓▓▓▓▓▓ ______'..|).....@zZooS.+ ▓▓▓▓▓▓▓▓▓▓▓▓▓▓▓▓▓▓▓▓▓▓▓▓

You could see an orc warrior, a water moccasin, a wight, an orc and an adder zombie.

Vanquished Creatures
  A giant frog (D)
  An adder (D)
  An adder zombie (D)
  An orc (D)
  A bat (D)
  A giant cockroach (D)
  A hobgoblin (D)
  2 jackals (D)
  A giant cockroach zombie (D)
  A rat (D)
11 creatures vanquished.

Notes
Turn   | Place    | Note
--------------------------------------------------------------
     0 | D        | css the Demigod Enchanter began the quest for the Orb.
     0 | D        | Reached XP level 1. HP: 14/14 MP: 5/5
   291 | D        | Reached XP level 2. HP: 17/20 MP: 5/7
   307 | D        | Reached skill level 1 in Short Blades
   334 | D        | Found a glowing silver altar of Zin.
   334 | D        | Found a glowing golden altar of the Shining One.
   334 | D        | Found an ancient bone altar of Kikubaaqudgha.
   334 | D        | Found a basalt altar of Yredelemnul.
   334 | D        | Found a shimmering altar of Xom.
   334 | D        | Found a radiant altar of Vehumet.
   335 | D        | Found an iron altar of Okawaru.
   336 | D        | Found a burning altar of Makhleb.
   337 | D        | Found a deep blue altar of Sif Muna.
   338 | D        | Found a bloodstained altar of Trog.
   339 | D        | Found a sparkling altar of Nemelex Xobeh.
   340 | D        | Found a white marble altar of Elyvilon.
   341 | D        | Found a roughly hewn altar of Beogh.
   342 | D        | Found a viscous altar of Jiyva.
   343 | D        | Found a corrupted altar of Lugonu.
   344 | D        | Found a blossoming altar of Fedhas.
   345 | D        | Found a snail-covered altar of Cheibriados.
   346 | D        | Found a shadowy altar of Dithmenos.
   347 | D        | Found a stormy altar of Qazlal.
   348 | D        | Found an opulent altar of Gozag.
   349 | D        | Found a sacrificial altar of Ru.
   350 | D        | Found an oddly glowing altar of Pakellas.
   401 | D        | Noticed a giant frog
   401 | D        | Noticed a wight
   401 | D        | Noticed an orc warrior
   401 | D        | Noticed a water moccasin
   404 | D        | Killed a giant frog
   404 | D        | Reached skill level 1 in Fighting
   404 | D        | Reached XP level 3. HP: 21/28 MP: 8/10
   404 | D        | Reached XP level 4. HP: 26/35 MP: 8/11
   409 | D        | Slain by a wight

Vault maps used:
D:        linesprint

Skill      XL: |  1  2 |
---------------+-------+-----
Stealth        | 3 4 |  4.8
Hexes          | 3 4 |  4.8
Spellcasting   | 2 |  2.9
Dodging        | 2 4 |  4.0
Short Blades   | 1 |  1.7
Fighting       | 1 |  1.5
Armour         | |  0.1

Action                   |  1- 3 |  4- 6 || total
-------------------------+-------+-------++-------
Melee: Dagger            |    67 |       ||    67
       Rapier            |     3 |     2 ||     5
  Use: Potion            |     2 |     2 ||     4
